 Dungeon Crawl Stone Soup version 0.28-a0-653-g7e9dba17c3 (webtiles) character file.

Game seed: 16539119837571737875

4 keeta the Skirmisher (level 1, 0/14 HPs)
             Began as a Gargoyle Monk on Oct 12, 2021.
             Slain by a ball python (2 damage)
             ... on level 1 of the Dungeon.
             The game lasted 00:00:53 (123 turns).

keeta the Skirmisher (Gargoyle Monk)                 Turns: 123, Time: 00:00:53

Health: 0/14       AC:  4    Str: 14    XL:     1   Next: 60%
Magic:  1/1        EV: 12    Int: 10    God:
Gold:   11         SH:  0    Dex: 12    Spells: 0/0 levels left

rFire   . . .      SeeInvis .   a - +0 mace
rCold   . . .      Faith    .   (no shield)
rNeg    + . .      Spirit   .   b - +0 robe
rPois   ∞          Reflect  .   (no helmet)
rElec   +          Harm     .   (no cloak)
rCorr   .          Rampage  .   (no gloves)
Will    .....                   (no boots)
Stlth   ++........              (no amulet)
HPRegen 0.04/turn               (no ring)
MPRegen 0.07/turn               (no ring)

@: no status effects
A: sickness immunity, AC +2, negative energy resistance 1, electricity
resistance, torment resistance 1, petrification resistance
a: no special abilities


You were on level 1 of the Dungeon.
You visited 1 branch of the dungeon, and saw 1 of its levels.

You collected 11 gold pieces.

Inventory:

Hand Weapons
 a - a +0 mace (weapon)
Armour
 b - a +0 robe (worn)
 d - a +0 chain mail
Scrolls
 c - a scroll of identify {unknown}
Potions
 e - a potion of attraction {unknown}


   Skills:
 + Level 3.4 Fighting
 + Level 3.1 Maces & Flails
 + Level 2.4 Dodging
 + Level 2.2 Stealth


You couldn't memorise any spells.
You didn't know any spells.
Your spell library was empty.

Dungeon Overview and Level Annotations

Branches:
Dungeon (1/15)

Altars:


Innate Abilities, Weirdness & Mutations

You are immune to sickness and miasma.
Your stone body is resilient. (AC +2)
You are immune to poison.
You resist negative energy. (rN+)
You are resistant to electric shocks. (rElec)
You are resistant to unholy torment.
You are immune to petrification.


Message History

The jackal is moderately wounded.
The jackal bites you but does no damage.
The ball python closely misses you. The ball python constricts you.
The jackal bites you. The ball python closely misses you.
The ball python constricts you.
You hit the jackal.
The jackal is severely wounded.
The jackal closely misses you.
The ball python bites you but does no damage.
The ball python constricts you. The jackal barely misses you.
You barely miss the jackal.
The jackal is severely wounded.
The jackal bites you but does no damage.
The ball python bites you but does no damage.
The ball python constricts you. The jackal barely misses you.
The ball python bites you. The ball python constricts you.
You hit the jackal.
The jackal is almost dead.
The jackal bites you. The ball python closely misses you.
The ball python constricts you.
The jackal bites you but does no damage.
You closely miss the jackal.
The jackal is almost dead.
The ball python bites you but does no damage.
The ball python constricts you.
* * * LOW HITPOINT WARNING * * *
The jackal bites you.
* * * LOW HITPOINT WARNING * * *
The ball python barely misses you. The ball python constricts you.
You escape the ball python's grasp.
The jackal barely misses you. The ball python closely misses you.
The ball python barely misses you.
You see here a fizzy emerald potion.
e - a fizzy emerald potion The jackal completely misses you.
You hit the jackal.
You kill the jackal!
The ball python closely misses you. x2; The jackal bites you.
* * * LOW HITPOINT WARNING * * *
The ball python bites you.
You die...

#.#.# #.#.## # #....## ..
###>#.#.## .w. ........#
#.. #.#.#..###
##...###†.......####
.....h.w.#..#....S$####..#
##...###.#..# #.@hh.....#
...........w######.#####.#
##....#...#..†....h.....#
...............#.#......#
#...#.#...##.##.######....
............##.######.##.
..#..##.######......... .
#.. #.# #.######.# .. #.#
#.#


You could see 2 jackals and a ball python.

Vanquished Creatures
  A hobgoblin (D:1)
  A jackal (D:1)
  A quokka (D:1)
  A kobold (D:1)
  A rat (D:1)
5 creatures vanquished.

Notes
Turn   | Place    | Note
-------+----------+-------------------------------------------
     0 | D:1      | keeta the Gargoyle Monk began the quest for the Orb.
     0 | D:1      | Reached XP level 1. HP: 14/14 MP: 1/1
     2 | D:1      | Noticed a spriggan
     2 | D:1      | Noticed a demigod
     4 | D:1      | Noticed a human
     4 | D:1      | Noticed an ogre
     8 | D:1      | Noticed a gargoyle
    10 | D:1      | Noticed an elf
    12 | D:1      | Noticed a vine stalker
    12 | D:1      | Noticed a dwarf
    14 | D:1      | Noticed a troll
    16 | D:1      | Noticed a merfolk
    16 | D:1      | Noticed a naga
    18 | D:1      | Noticed a demonspawn
    18 | D:1      | Noticed a draconian
    20 | D:1      | Noticed a tengu
    20 | D:1      | Noticed a minotaur
    22 | D:1      | Noticed a vampire
    22 | D:1      | Noticed an octopode
    25 | D:1      | Noticed a formicid
    25 | D:1      | Noticed a ghoul
    27 | D:1      | Noticed a felid
   123 | D:1      | Slain by a ball python

Illustrated notes

Levels and vault maps discovered:
D:1:      kb_arrival_jail, layout_loops_ring,
          hellmonk_ecumenical_altar_crossroads

Action                   || total
-------------------------++-------
Melee: Mace              ||    13
Armor: Robe              ||     7
Dodge: Dodged            ||    23

Table legend: (Time is in decaauts)
 A = Elapsed time spent in this place.
 B = Non-inter-level travel time spent in this place.
 C = Inter-level travel time spent in this place.
 D = Time resting spent in this place.
 E = Time spent auto-exploring this place.
 F = Levels seen in this place.
 G = Mean time per level.
                   A        B        C        D        E       F      G
               +--------+--------+--------+--------+--------+-----+--------+
         Total |    126 |    126 |      0 |      0 |     34 |   1 |  126.0 |
       Dungeon |    126 |    126 |      0 |      0 |     34 |   1 |  126.0 |
               +--------+--------+--------+--------+--------+-----+--------+

Top non-repeatable levels by time:
     D:1: 126 daAuts
